 Dungeon Crawl Stone Soup version 0.24.0-13-gcf9b3192b9 (webtiles) character file.

Game seed: 12641976995634769249, levelgen mode: deterministic

14574 Bram the Fighter (level 12, -6/77 HPs)
             Began as a Kobold Ice Elementalist on Nov 9, 2019.
             Was an Elder of Sif Muna.
             Killed from afar by a rime drake (30 damage)
             ... with a flash freeze
             ... on level 2 of the Lair of Beasts.
             The game lasted 00:58:39 (25660 turns).

Bram the Fighter (Kobold Ice Elementalist)         Turns: 25660, Time: 00:58:40

Health: -6/77      AC: 11    Str:  6    XL:     12   Next: 46%
Magic:  13/25      EV: 20    Int: 20    God:    Sif Muna [****..]
Gold:   1103       SH:  0    Dex: 16    Spells: 19/30 levels left

rFire    + . .     SeeInvis +   a - +1 dagger (venom)
rCold    . . .     Gourm    .   (shield restricted)
rNeg     . . .     Faith    .   j - +3 leather armour {rF+}
rPois    .         Spirit   .   m - +1 helmet
rElec    +         Reflect  .   M - +2 cloak
rCorr    .         Harm     .   (no gloves)
MR       .....                  (no boots)
Stlth    ++........             (no amulet)
HPRegen  0.22/turn              T - ring of Immorality {rElec EV+1 SInv}
MPRegen  0.19/turn              F - ring of wizardry

@: lethally poisoned (-6 -> -13)
A: small, carnivore
a: Channel Magic, Forget Spell, Divine Exegesis, Renounce Religion


You were on level 2 of the Lair of Beasts.
You worshipped Sif Muna.
Sif Muna was greatly pleased with you.
You were very full.

You visited 3 branches of the dungeon, and saw 15 of its levels.
You also visited: Ossuary and Gauntlet.

You collected 1103 gold pieces.

Inventory:

Hand Weapons
 a - a +1 dagger of venom (weapon)
 b - a +0 dagger of electrocution
 z - the cursed +3 scimitar of Seroc {elec, rN+++ Str-2 Dex+5, unknown}
   (You found it in a Gauntlet)

   Occasionally, upon striking a foe, it will discharge some electrical energy
   and cause terrible harm.
   It affects your strength (-2).
   It affects your dexterity (+5).
   It renders you almost immune to negative energy.
   It has a curse placed upon it.
 B - a +2 whip of electrocution
 D - a +3 short sword
 H - a +4 short sword
 K - a +4 rapier
 Q - a +0 dagger of pain
Missiles
 d - 236 stones
 v - a throwing net (quivered)
 I - 33 poisoned darts
Armour
 j - a +3 leather armour of fire resistance (worn)
 m - a +1 helmet (worn)
 L - the +1 ring mail of Roegocaf {rN+ Dex+3}
   (You found it on level 6 of the Dungeon)

   It affects your dexterity (+3).
   It protects you from negative energy.
 M - a +2 cloak (worn)
Jewellery
 g - a +4 ring of dexterity
 n - the ring "Fipte" {+Fly MR+ Int-3 Stlth+}
   (You found it in a Gauntlet)

   [ring of flight]

   It affects your intelligence (-3).
   It affects your resistance to hostile enchantments.
   It lets you fly.
   It makes you more stealthy.
 u - the cursed necklace of Bloodlust {*Rage +Rage MR++ Int-3 Slay+6 *Curse}
   (You took it off a minotaur in a Gauntlet)

   [amulet of rage]

   It affects your intelligence (-3).
   It affects your accuracy and damage with ranged weapons and melee attacks
   (+6).
   It affects your resistance to hostile enchantments.
   It lets you go berserk.
   It may make you go berserk in combat.
   It curses itself when equipped.
   It has a curse placed upon it.
 F - a ring of wizardry (right hand)
 T - the ring of Immorality (left hand) {rElec EV+1 SInv}
   (You found it in a Gauntlet)

   [ring of evasion]

   It affects your evasion (+1).
   It insulates you from electricity.
   It lets you see invisible.
Wands
 A - a wand of enslavement (1)
 E - a wand of digging (18)
 J - a wand of random effects (17)
 O - a wand of flame (43)
 W - a wand of paralysis (3)
 Y - a wand of polymorph (6)
Scrolls
 e - 4 scrolls of immolation
 l - 2 scrolls of amnesia
 x - a scroll of magic mapping
 y - a scroll of vulnerability {unknown}
 C - 5 scrolls of remove curse
 G - 7 scrolls of teleportation
 N - a scroll of enchant armour
 P - a scroll of noise {unknown}
 R - a scroll of fear
 S - a scroll of torment {unknown}
 U - a scroll of silence {unknown}
 X - a scroll of enchant weapon
Potions
 f - a potion of resistance
 h - 5 potions of cancellation
 k - 3 potions of brilliance
 o - 3 potions of flight
 p - 9 potions of curing
 q - 2 potions of mutation
 r - 2 potions of lignification
 s - 2 potions of ambrosia
 t - 4 potions of berserk rage
 V - a potion of might {unknown}
Comestibles
 c - 26 rations


   Skills:
 - Level 10.0 Fighting
 + Level 8.3 Dodging
 - Level 4.0 Stealth
 + Level 9.8 Spellcasting
 - Level 6.0 Conjurations
 - Level 8.1 Summonings
 - Level 8.0 Ice Magic


You had 19 spell levels left.
You knew the following spells:

 Your Spells              Type           Power        Failure   Level  Hunger
a - Freeze                Ice            ####         1%          1    None
b - Throw Icicle          Conj/Ice       #####...     2%          4    ##.....
c - Summon Ice Beast      Ice/Summ       #####...     1%          4    ##.....
d - Throw Frost           Conj/Ice       #####.       1%          2    None

Your spell library contained the following spells:

 Spells                   Type           Power        Failure   Level  Hunger
 Magic Dart               Conj           ####         1%          1    None
 Searing Ray              Conj           ####..       1%          2    None
 Ozocubu's Armour         Chrm/Ice       ####....     2%          3    None
 Iskenderun's Mystic Bla  Conj           ####....     3%          4    ##.....
 Sandblast                Erth           #.....       4%          1    None
 Dazzling Spray           Conj/Hex       ###...       4%          3    None
 Stone Arrow              Conj/Erth      ###...       4%          3    None
 Passwall                 Tmut/Erth      #.......     7%          2    None
 Force Lance              Conj/Tloc      ###.....     13%         4    ##.....
 Fulminant Prism          Conj/Hex       ###.......   13%         4    ##.....
 Cause Fear               Hex            #.........   38%         4    ##.....
 Petrify                  Tmut/Erth      #.......     38%         4    ##.....
 Lee's Rapid Deconstruct  Erth           #.........   73%         5    #####..
 Silence                  Hex/Air        #.........   73%         5    #####..
 Yara's Violent Unravell  Hex/Tmut       #.........   73%         5    #####..
 Deflect Missiles         Chrm/Air       #.........   99%         6    ######.
 Discord                  Hex            #.........   100%        8    #######


Dungeon Overview and Level Annotations

Branches:
Dungeon (12/15)            Temple (1/1) D:5            Lair (2/6) D:9
 Spider (0/4) Lair:2          Orc (0/2) D:9         Ossuary (visited)
Gauntlet (visited)
  Swamp: Lair:2-4    Shoals: Lair:2-4

Altars:
Ashenzari
Cheibriados
Dithmenos
Elyvilon
Fedhas
Gozag
Hepliaklqana
Kikubaaqudgha
Makhleb
Nemelex Xobeh
Okawaru
Qazlal
Ru
Sif Muna
Trog
Uskayaw
Vehumet
Wu Jian
Xom
Yredelemnul
Zin
The Shining One


Innate Abilities, Weirdness & Mutations

You are small and have problems with some larger weapons.
You are carnivorous and can eat meat at any time.


Message History

The yak bellows!
A yak comes into view.
The yak bellows!
A yak comes into view.
The yak bellows!
A yak comes into view.
The yak bellows!
You hear an angry hiss. x2
A yak comes into view. x2; A rime drake comes into view.
A porcupine comes into view.
The yak bellows!
Found a leather armour and a ration.
You feel sick.
You hear an angry buzzing noise.
You feel sick.
You hear an angry buzzing noise.
You feel sick.
You feel sick. The rime drake breathes ice at you. The flash freeze hits you!!
You die...

..........
r..Y.....#
.........##
.....YY...##
...[.Y..Y..#
...........#
...........##
.........Y..#
..%......k@.#
...........##
............
........#..##
........#..
.....#####
...# .#.


You could see 6 yaks and a rime drake.

Vanquished Creatures
  A minotaur (Gauntlet)
  A catoblepas (Gauntlet)
  A necromancer (Gauntlet)
  Pikel (D:4)
  3 spiny frogs
  A hippogriff (D:9)
  A wyvern (D:9)
  A human (D:7)
  6 yaks
  A water moccasin (Lair:1)
  2 porcupines (Lair:2)
  A black bear (D:6)
  2 orc warriors
  3 sky beasts
  3 ice beasts
  2 slaves (D:4)
  2 necrophages
  3 ogres
  6 wolves
  A phantom (D:9)
  5 centaurs
  A big kobold (D:8)
  A crocodile (D:9)
  6 bullfrogs
  2 scorpions
  A wight (D:6)
  33 killer bees
  6 howler monkeys
  3 crimson imps (D:6)
  A bullfrog zombie (D:5)
  4 bullfrog skeletons
  3 hounds
  A jelly (D:5)
  6 orc priests
  5 iguanas
  8 orc wizards
  7 worker ants
  3 hound skeletons
  9 mummies
  Robin (D:1)
  3 worker ant zombies
  8 gnolls
  16 adders
  2 shadow imps
  2 oozes
  2 adder skeletons (D:5)
  An adder zombie (D:4)
  A worm (D:4)
  2 dart slugs
  8 leopard geckos
  42 orcs
  3 giant cockroaches
  3 gnoll zombies (Ossuary)
  12 goblins
  9 hobgoblins
  6 jackals
  13 kobolds
  7 quokkas
  2 ball pythons (D:3)
  7 bats
  4 frilled lizards
  A goblin zombie (D:4)
  2 hobgoblin zombies (Ossuary)
  3 kobold zombies (Ossuary)
  An orc zombie (D:4)
  6 rats
314 creatures vanquished.

Vanquished Creatures (collateral kills)
  Snorg (D:10)
  A two-headed ogre (D:11)
  An ugly thing (D:11)
  Joseph (Lair:1)
  An elephant (D:9)
  A minotaur zombie (Gauntlet)
  2 trolls
  4 hogs (D:7)
  11 yaks
  Grum (Lair:1)
  2 water moccasins
  2 porcupines (Lair:1)
  An orc warrior (D:8)
  A sky beast (D:7)
  2 black bears
  An ogre (D:10)
  6 wolves
  A crocodile (D:9)
  A bullfrog (Lair:1)
  2 wights (D:6)
  2 killer bees
  2 orc priests
  A worker ant (D:7)
  A gnoll (D:7)
  2 worms (Lair:2)
  3 orcs
  A giant cockroach (Lair:2)
55 creatures vanquished.

Vanquished Creatures (others)
  3 fungi (Lair:2)
3 creatures vanquished.

Grand Total: 372 creatures vanquished

Notes
Turn   | Place    | Note
-------+----------+-------------------------------------------
     0 | D:1      | Bram the Kobold Ice Elementalist began the quest for the
                  | Orb.
     0 | D:1      | Reached XP level 1. HP: 10/10 MP: 3/3
   250 | D:1      | Reached XP level 2. HP: 8/15 MP: 3/5
   634 | D:1      | Reached XP level 3. HP: 18/20 MP: 2/6
   641 | D:1      | Reached skill level 1 in Fighting
   722 | D:1      | Learned a level 2 spell: Throw Frost
  1074 | D:2      | Noticed Robin
  1370 | D:2      | Reached XP level 4. HP: 26/26 MP: 4/7
  1382 | D:1      | Killed Robin
  1382 | D:1      | Reached skill level 2 in Fighting
  1727 | D:2      | Found a stormy altar of Qazlal.
  2095 | D:3      | Reached XP level 5. HP: 31/31 MP: 4/8
  2160 | D:2      | Reached skill level 3 in Fighting
  2467 | D:3      | Learned a level 4 spell: Summon Ice Beast
  2588 | D:3      | Reached XP level 6. HP: 19/37 MP: 2/9
  2801 | D:3      | Reached skill level 1 in Summonings
  3551 | D:3      | Reached skill level 4 in Fighting
  3780 | D:4      | Reached skill level 5 in Ice Magic
  3973 | D:4      | Found a sand-covered staircase.
  3986 | Ossuary  | Entered an ossuary
  4386 | Ossuary  | Reached XP level 7. HP: 21/43 MP: 0/10
  6433 | D:4      | Noticed Pikel
  6619 | D:4      | Killed Pikel
  6619 | D:4      | Reached skill level 5 in Fighting
  6619 | D:4      | Reached XP level 8. HP: 51/51 MP: 11/11
  6900 | D:5      | Entered Level 5 of the Dungeon
  7487 | D:5      | Found a staircase to the Ecumenical Temple.
  7508 | D:5      | Reached skill level 5 in Summonings
  7512 | Temple   | Entered the Ecumenical Temple
  7612 | Temple   | Became a worshipper of Sif Muna the Loreminder
  8294 | D:5      | Noticed a troll
  8313 | D:5      | Killed a troll
  8313 | D:5      | Reached XP level 9. HP: 9/55 MP: 4/12
  9044 | D:6      | Found a blossoming altar of Fedhas.
  9047 | D:6      | Found a shattered altar of Ashenzari.
  9049 | D:6      | Found an opulent altar of Gozag.
  9049 | D:6      | Found a glowing golden altar of the Shining One.
  9050 | D:6      | Found an iron altar of Okawaru.
  9148 | D:6      | Identified the +1 ring mail of Roegocaf {rN+ Dex+3} (You
                  | found it on level 6 of the Dungeon)
  9244 | D:6      | Found a blossoming altar of Fedhas.
  9965 | D:6      | Reached * piety under Sif Muna
 10465 | D:7      | Learned a level 4 spell: Throw Icicle
 10907 | D:7      | Found a white marble altar of Elyvilon.
 10969 | D:7      | Found a shimmering altar of Xom.
 10969 | D:7      | Found an ancient bone altar of Kikubaaqudgha.
 11147 | D:7      | Reached skill level 6 in Fighting
 11157 | D:7      | Reached XP level 10. HP: 31/61 MP: 0/13
 11984 | D:7      | Reached skill level 7 in Fighting
 12159 | D:8      | Reached ** piety under Sif Muna
 13321 | D:9      | Reached skill level 5 in Conjurations
 13324 | D:9      | Reached skill level 8 in Fighting
 13763 | D:9      | Found a hazy altar of Hepliaklqana.
 13854 | D:9      | Noticed an elephant
 13855 | D:9      | Found a staircase to the Lair.
 13873 | D:9      | Killed an elephant
 14639 | D:9      | Reached skill level 9 in Fighting
 14756 | D:9      | Reached *** piety under Sif Muna
 15049 | D:9      | Reached XP level 11. HP: 58/70 MP: 2/16
 16254 | D:9      | Found a staircase to the Orcish Mines.
 16479 | D:10     | Entered Level 10 of the Dungeon
 17118 | D:10     | Noticed Snorg
 17574 | D:10     | Reached skill level 10 in Fighting
 17574 | D:10     | Reached skill level 5 in Spellcasting
 17583 | D:10     | Reached **** piety under Sif Muna
 18591 | D:10     | Killed Snorg
 19721 | D:11     | Noticed a two-headed ogre
 19781 | D:11     | Killed a two-headed ogre
 19934 | D:11     | Noticed a green ugly thing
 19947 | D:11     | Killed a green ugly thing
 20974 | Lair:1   | Entered Level 1 of the Lair of Beasts
 21337 | Lair:1   | Found a gate leading to a gauntlet.
 21347 | Gauntlet | Entered a Gauntlet
 21347 | Gauntlet | Found a transporter.
 21347 | Gauntlet | Noticed a catoblepas
 21354 | Gauntlet | Found a transporter.
 21356 | Gauntlet | Found a transporter.
 21363 | Gauntlet | Noticed a necromancer
 21365 | Gauntlet | Found a transporter.
 21367 | Gauntlet | Found a transporter.
 21373 | Gauntlet | Noticed a balrug
 21377 | Gauntlet | Found a transporter.
 21389 | Gauntlet | Noticed a ghost crab
 21391 | Gauntlet | Found a runed translucent door.
 21392 | Gauntlet | Found a transporter.
 21399 | Gauntlet | Noticed an orange crystal statue
 21402 | Gauntlet | Found a transporter.
 21412 | Gauntlet | Found a transporter.
 21415 | Gauntlet | Noticed an entropy weaver
 21426 | Gauntlet | Found a transporter.
 21440 | Gauntlet | Found a transporter.
 21441 | Gauntlet | Found a transporter.
 21489 | Gauntlet | Found a transporter.
 21499 | Gauntlet | Found a runed translucent door.
 21504 | Gauntlet | Found a transporter.
 21902 | Gauntlet | Killed a catoblepas
 21902 | Gauntlet | Reached skill level 5 in Dodging
 22070 | Gauntlet | Killed a necromancer
 22348 | Gauntlet | Got a scintillating brass ring
 22497 | Gauntlet | Noticed a minotaur
 22629 | Gauntlet | HP: 2/72 [minotaur/+3 triple sword of slicing (4)]
 23016 | Gauntlet | Killed a minotaur
 23016 | Gauntlet | Reached XP level 12. HP: 58/77 MP: 3/24
 23127 | Gauntlet | Got a dazzling scimitar
 23127 | Gauntlet | Got a pitted jade ring
 23461 | Gauntlet | Identified the ring "Fipte" {+Fly MR+ Int-3 Stlth+} (You
                  | found it in a Gauntlet)
 23680 | Lair:1   | Noticed Grum
 23697 | Lair:1   | Killed Grum
 24086 | Lair:1   | Noticed Joseph
 24286 | Lair:1   | Killed Joseph
 24439 | Lair:2   | Identified the ring of Immorality {rElec EV+1 SInv} (You
                  | found it in a Gauntlet)
 24739 | Lair:2   | Found a hole to the Spider Nest.
 25654 | Lair:2   | HP: 3/77 [queen bee (14)]
 25660 | Lair:2   | Killed from afar by a rime drake

Levels and vault maps discovered:
D:1:      shiori_shiawase, layout_loops_ring
D:2:      layout_rooms, grunt_qazlal_clouds, uniq_robin
D:3:      layout_basic
D:4:      layout_cave_pods, first_ration, nicolae_ossuary_entry_giza, uniq_pikel
D:5:      layout_cave_pods, minmay_temple_entry_tees, st_stairs_3
D:6:      layout_basic, grunt_temple_overflow_open, fedhas_ov_isle_minmay
D:7:      layout_cave_pods, gammafunk_temple_overflow_elements, grunt_livestock,
          chequers_serial_rivers_micro_d, lemuel_statue_altar
D:8:      layout_cave_pods
D:9:      layout_layer_cave, david_lair_generic, hiddenorc1_lemuel, basic_altar,
          roderic_serpentine_path, minmay_fractal_squares_diagonal_5
D:10:     layout_basic, lemuel_flame_loot_1, uniq_snorg
D:11:     layout_cave_pods
D:12:     layout_loops_ring
Temple:   zaba_magenta_temple
Lair:1:   layout_big_grid, gauntlet_entry_generic, uniq_joseph, uniq_grum
Lair:2:   layout_cave_pods, minmay_shoals_entry_centaurs,
          nicolae_spider_entry_non_spiders, special_room [special_room_bee],
          st_stairs_5, lemuel_fruit_tree

Skill      XL: |  1  2  3  4  5  6  7  8  9 10 11 12 |
---------------+-------------------------------------+-----
Stealth        | 3 4 |  4.0
Fighting       | 1 2 3 4 5 6 9 10 | 10.0
Ice Magic      | 4 5 6 7 8 |  8.0
Summonings     | 2 4 5 8 |  8.1
Conjurations   | 2 6 |  6.0
Spellcasting   | 3 8 9 |  9.8
Dodging        | 6 8 |  8.3

Action                   |  1- 3 |  4- 6 |  7- 9 | 10-12 || total
-------------------------+-------+-------+-------+-------++-------
Melee: Unarmed           |     2 |       |       |       ||     2
       Dagger            |     6 |   126 |   200 |   167 ||   499
       Whip              |       |       |     4 |       ||     4
Throw: Stone             |       |       |     8 |       ||     8
       Throwing net      |       |       |     1 |     3 ||     4
 Cast: Freeze            |    55 |   122 |   186 |   291 ||   654
       Summon Ice Beast  |       |       |    23 |   109 ||   132
       Throw Icicle      |       |       |       |    61 ||    61
       Throw Frost       |       |       |       |     1 ||     1
Evoke: Wand              |       |       |       |     5 ||     5
  Use: Scroll            |       |     8 |     9 |    12 ||    29
       Potion            |       |       |     2 |     5 ||     7
 Stab: Sleeping          |       |     2 |     2 |     2 ||     6
       Held in net/web   |       |       |     1 |       ||     1
       Confused          |       |       |       |     3 ||     3
       Distracted        |       |       |       |     2 ||     2
  Eat: Chunk             |     8 |    10 |    32 |    67 ||   117
Armor: Robe              |    10 |    17 |       |       ||    27
       Leather armour    |       |    14 |   103 |   159 ||   276
Dodge: Dodged            |    49 |   166 |   240 |   538 ||   993
